 Dungeon Crawl Stone Soup version 0.23-a0-385-gb2d581486a (webtiles) character file.

268 LostNumber the Cutter (level 6, -3/38 HPs)
             Began as a Kobold Assassin on Oct 27, 2018.
             Was a Follower of Nemelex Xobeh.
             Killed from afar by an orc wizard (7 damage)
             ... with a puff of flame
             ... on level 4 of the Dungeon.
             The game lasted 00:06:41 (3507 turns).

LostNumber the Cutter (Kobold Assassin)             Turns: 3507, Time: 00:06:42

Health: -3/38      AC:  4    Str: 11    XL:     6   Next: 45%
Magic:  7/7        EV: 13    Int: 12    God:    Nemelex Xobeh [*.....]
Gold:   174        SH:  0    Dex: 11    Spells: 5/5 levels left

rFire    . . .     SeeInvis .   a - +2 dagger
rCold    . . .     Gourm    .   (shield restricted)
rNeg     . . .     Faith    .   A - +0 leather armour {MR+}
rPois    .         Spirit   .   (no helmet)
rElec    .         Reflect  .   d - +0 cloak
rCorr    .         Harm     .   (no gloves)
MR       +....                  (no boots)
Stlth    +++.......             (no amulet)
HPRegen  0.12/turn              n - -5 ring of dexterity (curse)
MPRegen  0.10/turn              (no ring)

@: no status effects
A: small, carnivore
a: Renounce Religion


You were on level 4 of the Dungeon.
You worshipped Nemelex Xobeh.
Nemelex Xobeh was aware of your devotion.
You were very full.

You visited 1 branch of the dungeon, and saw 4 of its levels.

You collected 174 gold pieces.

Inventory:

Hand Weapons
 a - a +2 dagger (weapon)
 b - a +0 blowgun
Missiles
 e - 28 poisoned needles
 f - 2 curare-tipped needles
Armour
 c - a +0 robe
 d - a +0 cloak (worn)
 A - a +0 leather armour of magic resistance (worn)
Jewellery
 n - a cursed -5 ring of dexterity (left hand)
 B - a +6 ring of dexterity
Scrolls
 k - a scroll of fog {unknown}
 l - a scroll of enchant armour {unknown}
 s - a scroll of remove curse {unknown}
 u - a scroll of immolation {unknown}
 v - a scroll of fear {unknown}
 w - a scroll of random uselessness {unknown}
 x - a scroll of teleportation {unknown}
Potions
 i - 2 potions of haste
 j - 2 potions of curing
 m - a potion of mutation
 o - a potion of ambrosia
 p - a potion of flight {unknown}
 q - a potion of invisibility {unknown}
 r - a potion of magic
 z - a potion of lignification {unknown}
 C - a potion of brilliance {unknown}
Miscellaneous
 t - a plain deck of destruction {drawn: 6}
 y - a plain deck of summoning
Comestibles
 g - 14 rations
 h - a chunk of flesh


   Skills:
 + Level 4.0 Fighting
 * Level 6.4 Short Blades
 - Level 2.1 Throwing
 - Level 1.2 Dodging
 - Level 5.3 Stealth
 + Level 2.5 Invocations


You had 5 spell levels left.
You didn't know any spells.
Your spell library contained the following spells:

 Spells                   Type           Power        Failure   Level  Hunger
 Summon Small Mammal      Summ           #...         41%         1    ##.....
 Call Imp                 Summ           #.......     54%         2    ###....
 Call Canine Familiar     Summ           #.......     78%         3    ####...
 Summon Guardian Golem    Hex/Summ       #.......     78%         3    ####...
 Summon Ice Beast         Ice/Summ       #.......     99%         4    #####..
 Summon Lightning Spire   Summ/Air       #.......     99%         4    #####..


Dungeon Overview and Level Annotations

Branches:
Dungeon (4/15)
 Temple: D:4-7

Altars:
Elyvilon
Makhleb
Nemelex Xobeh
Qazlal
Ru
Sif Muna
Uskayaw
Beogh

Annotations:
D:4 3 runed doors, derval's ghost, novice MfIE


Innate Abilities, Weirdness & Mutations

You are small and have problems with some larger weapons.
You are carnivorous and can eat meat at any time.


Message History

You barely miss something. You miss something.
Something hits you but does no damage.
You closely miss something. Something hits you but does no damage.
You hit something.
You hear some strange, mumbled words.
A magic dart appears from out of thin air!
The magic dart hits you!
* * * LOW HITPOINT WARNING * * *
You closely miss something. You hit something but do no damage.
Something hits you.
* * * LOW HITPOINT WARNING * * *
You barely miss something. You miss something. Something hits you.
* * * LOW HITPOINT WARNING * * *
You closely miss something.
You hear some strange, mumbled words.
A puff of flame appears from out of thin air!
The puff of flame hits you!
You die...
Your body disappears without a glow.

##+# ###.......###....
#...# #...#.#.#..##.##)
.....# #.#............##.
......###.#####.#######.##.
.......#.# ##.######....
.......')# #...........
.......#.## ##.######.#..
.#.#.#.##{## ##.## ###.##.
.ol.... ##@###.## #8.....
.#.#.#. ##...## #######
....... ##.##


#.Wooo .#.#.#. #.# #...o# ...S... #.# #.###o #.# #.#8#. #.# #..... #.# #8....
..# ## There were no monsters in sight!

Vanquished Creatures
  A centaur skeleton (D:4)
  An orc wizard (D:4)
  6 adders
  2 oozes
  4 worms
  3 leopard geckos
  4 orcs
  4 bats
  2 giant cockroaches
  7 goblins
  7 hobgoblins
  9 kobolds
  A quokka (D:4)
  3 ball pythons
  8 frilled lizards
  A quokka skeleton (D:4)
  7 rats
70 creatures vanquished.

Vanquished Creatures (collateral kills)
  A sky beast (D:3)
1 creature vanquished.

Vanquished Creatures (others)
  A goblin (D:1)
1 creature vanquished.

Grand Total: 72 creatures vanquished

Notes
Turn   | Place    | Note
-------+----------+-------------------------------------------
     0 | D:1      | LostNumber the Kobold Assassin began the quest for the Orb.
     0 | D:1      | Reached XP level 1. HP: 12/12 MP: 1/1
    49 | D:1      | Reached skill level 3 in Short Blades
   307 | D:1      | Reached XP level 2. HP: 12/18 MP: 2/2
   888 | D:2      | Reached skill level 4 in Short Blades
   888 | D:2      | Reached XP level 3. HP: 22/22 MP: 3/3
   968 | D:2      | Found a sparkling altar of Nemelex Xobeh.
   972 | D:2      | Became a worshipper of Nemelex Xobeh the Trickster
   976 | D:2      | Received a gift from Nemelex Xobeh
  1054 | D:2      | Reached XP level 4. HP: 21/28 MP: 4/4
  1419 | D:2      | Reached skill level 1 in Invocations
  1894 | D:3      | Reached skill level 5 in Short Blades
  2306 | D:3      | Reached XP level 5. HP: 31/32 MP: 4/6
  2460 | D:3      | Reached * piety under Nemelex Xobeh
  2651 | D:3      | Found a deep blue altar of Sif Muna.
  2659 | D:3      | Found a white marble altar of Elyvilon.
  2659 | D:3      | Found a burning altar of Makhleb.
  2670 | D:3      | Found a sacrificial altar of Ru.
  2673 | D:3      | Found a stormy altar of Qazlal.
  2748 | D:3      | Noticed a sky beast
  2758 | D:3      | Killed a sky beast
  3028 | D:4      | Reached XP level 6. HP: 38/38 MP: 7/7
  3137 | D:4      | Found a hide-covered altar of Uskayaw.
  3240 | D:4      | Found a runed gate.
  3241 | D:4      | Found a runed gate.
  3242 | D:4      | Found a runed gate.
  3242 | D:4      | Found a roughly hewn altar of Beogh.
  3244 | D:4      | Noticed derval's ghost (novice MfIE)
  3273 | D:4      | Reached skill level 6 in Short Blades
  3297 | D:4      | Received a gift from Nemelex Xobeh
  3507 | D:4      | Killed from afar by an orc wizard

Vault maps used:
D:1:      saegor_arrival_simple_b, chequers_serial_rivers_micro_d,
          lemuel_old_faithful
D:2:      first_ration, minmay_misc_feat_columns, nemelex_dance_club_becter
D:3:      kennysheep_big_flooded_room, minmay_overflow_temple_star_hex
D:4:      kennysheep_little_box, serial_glass, glass_columns_b, glass_columns_c,
          glass_columns_b, glass_columns_b, glass_columns_a, glass_columns_c,
          due_unseen_surprise, minmay_strange_pillars, minmay_strange_pillars,
          feat_on_display, biasface_ghost_orc_armoury

Skill      XL: |  1  2  3  4  5  6 |
---------------+-------------------+-----
Short Blades   | 3 4 5 6 |  6.4
Fighting       | 3 4 |  4.0
Invocations    | 1 2 |  2.5
Throwing       | |  2.1
Dodging        | |  1.2
Stealth        | |  5.3

Action                   |  1- 3 |  4- 6 || total
-------------------------+-------+-------++-------
Melee: Dagger            |    58 |   175 ||   233
 Fire: Blowgun           |     3 |    26 ||    29
Evoke: Deck              |       |     6 ||     6
  Use: Scroll            |       |     5 ||     5
 Stab: Sleeping          |    10 |     9 ||    19
       Distracted        |       |     1 ||     1
  Eat: Chunk             |     9 |     7 ||    16
Armor: Robe              |    10 |    17 ||    27
       Leather armour    |       |    12 ||    12
Dodge: Dodged            |    31 |    90 ||   121

Table legend:
 A = Non-vault XP
 B = Vault XP
 C = Vault XP percentage of total XP
 D = Non-vault monster count
 E = Vault monster count
 F = Vault count percentage of total count
                 A         B        C        D         E       F
            +---------+---------+-------+---------+---------+-------
      Total |     369 |      14 |   3.7 |      67 |       4 |   5.6
            +---------+---------+-------+---------+---------+-------
        D:1 |      27 |       0 |   0.0 |      14 |       0 |   0.0
        D:2 |      74 |      10 |  11.9 |      23 |       2 |   8.0
        D:3 |     146 |       4 |   2.7 |      18 |       2 |  10.0
        D:4 |     122 |       0 |   0.0 |      12 |       0 |   0.0
            +---------+---------+-------+---------+---------+-------
